AoeStats
← villersb

Hill Fort

506370821Analyzed
2v2 RM · 19d ago on Sep 13, 2026· 47m 32s· 4 players
Game mode
Random Map
Map size
Medium (4 player)
Population
200
Speed
Normal
Resources
Standard
Victory
Conquest
Starting age
Dark Age
Ending age
Imperial Age
RankedLock teamsTeams togetherTeam positionsShared explorationLock speedFull tech treeHidden civsTurbo modeCheats
Victory
Defeat
🇺🇸 Shu · United States
1499
+19
🇺🇸 Hindustanis · United States
1498
+19
🇩🇪 Ethiopians · Germany
1564
-19
🇫🇷 Mongols · France
1564
-19
iFxrY
10:51 Feudal Age
15:11 Castle Age
13:32 Stone Mining
14:57 Double-Bit Axe
14:55 Horse Collar
15:10 Gold Mining
15:23 Horse Collar
16:44 Fletching
18:27 Bodkin Arrow
19:08 Padded Archer Armor
21:14 Bow Saw
22:37 Heavy Plow
25:47 Leather Archer Armor
25:34 Loom
26:27 Town Watch
27:17 Wheelbarrow
27:22 Bloodlines
28:43 Ballistics
28:40 Thumb Ring
32:26 Fervor
34:21 Hand Cart
35:25 Stone Shaft Mining
35:05 Husbandry
41:36 Imperial Age
41:37 Capped Ram
41:51 Elite Mangudai
43:03 Bracer
44:24 Chemistry
44:00 Conscription
45:36 Scale Barding Armor
45:42 Forging
44:54 Light Cavalry
Ficki-T-E
10:28 Feudal Age
11:16 Double-Bit Axe
11:12 Horse Collar
13:35 Loom
19:30 Castle Age
19:45 Scale Barding Armor
26:16 Stone Mining
28:32 Fletching
33:08 Wheelbarrow
33:59 Scale Mail Armor
34:20 Forging
35:04 Chain Mail Armor
35:14 Royal Heirs
35:25 Squires
35:47 Arson
37:40 Hand Cart
38:15 Iron Casting
43:21 Imperial Age
43:24 Elite Shotel Warrior
44:26 Chain Barding Armor
44:22 Bodkin Arrow
45:03 Plate Mail Armor
46:18 Blast Furnace
45:52 Conscription
villersb
6:59 Loom
8:55 Feudal Age
9:41 Double-Bit Axe
13:07 Fletching
22:50 Castle Age
21:21 Gold Mining
22:53 Crossbowman
23:38 Thumb Ring
23:30 Bodkin Arrow
25:59 Ballistics
25:36 Loom
29:46 Padded Archer Armor
33:14 Leather Archer Armor
35:33 Wheelbarrow
43:12 Imperial Age
43:54 Bracer
43:22 Arbalester
45:04 Chemistry
45:18 Conscription
45:31 Fortified Wall
flem
6:49 Loom
9:20 Feudal Age
9:56 Double-Bit Axe
21:02 Castle Age
20:44 Horse Collar
21:34 Bloodlines
21:33 Scale Barding Armor
21:38 Forging
23:49 Chain Barding Armor
29:40 Wheelbarrow
32:07 Husbandry
35:58 Imperial Age
33:32 Gold Mining
35:01 Bow Saw
35:48 Iron Casting
35:46 Grand Trunk Road
36:00 Heavy Camel Rider
36:19 Light Cavalry
37:54 Imperial Camel Rider
39:22 Fletching
44:23 Plate Barding Armor
Connection lost

Rejoining the realm…

Still unreachable

The connection could not be restored.

Session expired

The server has moved on; the page needs a fresh start.